 Dungeon Crawl Stone Soup version 0.30.1-9-gdf580d7c3d (webtiles) character file.

Game seed: 1800772103736955145

87 Ivernyr the Shield-Bearer (level 4, 0/37 HPs)
             Began as a Formicid Fighter on Oct 12, 2023.
             Slain by Ijyb
             ... wielding a +0 club
              (2 damage)
             ... on level 2 of the Dungeon.
             The game lasted 00:03:03 (1528 turns).

Ivernyr the Shield-Bearer (Formicid Fighter)        Turns: 1528, Time: 00:03:03

Health: 0/37       AC:  7    Str: 20    XL:     4   Next: 80%
Magic:  4/4        EV:  9    Int:  8    God:
Gold:   37         SH:  5    Dex: 15    Spells: 3/3 levels left

rFire   . . .        a - +0 long sword
rCold   + . .        c - +0 buckler
rNeg    . . .        b - +0 scale mail
rPois   .            (helmet unavailable)
rElec   .            (no cloak)
rCorr   .            (no gloves)
SInv    +            (no boots)
Will    .....        (no amulet) Stlth
                     i - ring of protection from cold
HPRegen 0.26/turn    (no ring)
MPRegen 0.09/turn

%: no passive effects
@: no status effects
A: permanent stasis, dig shafts and tunnels, antennae 3, four strong arms
a: Dig, Shaft Self


You were on level 2 of the Dungeon.
You visited 1 branch of the dungeon, and saw 3 of its levels.

You collected 37 gold pieces.

Inventory:

Hand Weapons
 a - a +0 long sword (weapon)
Armour
 b - a +0 scale mail (worn)
 c - a +0 buckler (worn)
Jewellery
 i - a ring of protection from cold (left hand)
 n - a ring of magical power
Scrolls
 e - 2 scrolls of identify {unknown}
 f - a scroll of fear {unknown}
 h - 3 scrolls of blinking {unknown}
 j - a scroll of amnesia {unknown}
 k - a scroll of enchant weapon {unknown}
 l - a scroll of teleportation {unknown}
 o - a scroll of butterflies {unknown}
Potions
 d - a potion of might
 g - a potion of berserk rage {unknown}
 m - 2 potions of invisibility {unknown}
 p - a potion of curing {unknown}


   Skills:
 + Level 3.8 Fighting
 * Level 3.2 Long Blades
 + Level 3.9 Armour
 + Level 4.7 Shields


You had 3 spell levels left.
You didn't know any spells.
Your spell library was empty.

Dungeon Overview and Level Annotations

Branches:
Dungeon (3/15)

Altars:

Annotations:
D:2 Ijyb


Innate Abilities, Weirdness & Mutations

You cannot be hasted, slowed, berserked, paralysed or teleported.
You can dig through walls and to a lower floor.
You have a pair of large antennae on your head. (SInv)
Your four strong arms can wield two-handed weapons with a shield.


Message History

Ijyb is lightly wounded.
Ijyb barely misses you.
You barely miss Ijyb.
Ijyb is lightly wounded.
You block Ijyb's attack.
You hit Ijyb.
Ijyb is moderately wounded.
Ijyb hits you but does no damage. Ijyb hits you with a +0 club.
You hit Ijyb but do no damage.
Ijyb is moderately wounded.
Ijyb hits you with a +0 club.
* * * LOW HITPOINT WARNING * * *
You barely miss Ijyb.
Ijyb is moderately wounded.
Ijyb hits you with a +0 club.
* * * LOW HITPOINT WARNING * * *
You hit Ijyb.
Ijyb is moderately wounded.
Ijyb hits you with a +0 club.
* * * LOW HITPOINT WARNING * * *
You block Ijyb's attack.
You barely miss Ijyb.
Ijyb is moderately wounded.
You block Ijyb's attack.
You hit Ijyb.
Ijyb is heavily wounded.
Ijyb hits you but does no damage.
You hit Ijyb.
Ijyb is heavily wounded.
Ijyb hits you with a +0 club.
* * * LOW HITPOINT WARNING * * *
You hit Ijyb.
Ijyb is severely wounded.
Ijyb screams, "No!
No, no, no, no!"
Ijyb hits you with a +0 club.
* * * LOW HITPOINT WARNING * * *
You closely miss Ijyb.
Ijyb is severely wounded.
Ijyb hits you with a +0 club.
You die...

#.P♣♣ ♣♣♣......#.# #.#..
#.♣P♣♣♣.♣...####.# #.#..
##..♣♣......####.# #.#..
##.P.P.......##.## ##.##.
##..........#...#####...#.
##........#..#.......#...
#######..##...#####...##
##########>g.##.##..'##.##.
#.........@...÷######....##
#.................# #....##
#...............♣.♣♣♣######
#...............♣P..♣♣.....
#...............♣♣♣P.♣.....
#..............#♣.♣.P♣.....
#...............♣..PP♣.....
#.............##♣.♣♣♣♣.....
#.............##♣♣...♣.....


You could see Ijyb.

Vanquished Creatures
  Jessica (D:2)
  2 adders (D:2)
  4 ball pythons
  7 endoplasms
  3 giant cockroaches
  A goblin (D:1)
  2 hobgoblins (D:1)
  4 jackals (D:1)
  3 kobolds (D:1)
  A quokka (D:1)
  6 bats
  4 frilled lizards
  3 rats
41 creatures vanquished.

Notes
Turn   | Place    | Note
-------+----------+-------------------------------------------
     0 | D:1      | Ivernyr the Formicid Fighter began the quest for the Orb.
     0 | D:1      | Reached XP level 1. HP: 18/18 MP: 1/1
    83 | D:1      | Reached XP level 2. HP: 24/24 MP: 2/2
   381 | D:1      | Reached XP level 3. HP: 13/29 MP: 3/3
  1080 | D:2      | Reached XP level 4. HP: 34/37 MP: 4/4
  1492 | D:3      | Noticed Jessica
  1492 | D:3      | Noticed Ijyb
  1510 | D:2      | Killed Jessica
  1528 | D:2      | Slain by Ijyb

Illustrated notes

Levels and vault maps discovered:
D:1:      lightli_arrival_statuegarden, layout_rooms, minmay_box_of_dots
D:2:      layout_basic, serial_forest, infiniplex_forest_lined_room_3,
          infiniplex_forest_straight_3, infiniplex_forest_clump_curved,
          infiniplex_forest_lined_2, infiniplex_forest_zigzag_2,
          infiniplex_forest_clump_large, infiniplex_forest_end_2,
          infiniplex_forest_diagonal, infiniplex_forest_zigzag_1,
          minmay_misc_feat_tower
D:3:      layout_basic, gammafunk_temple_overflow_forgotten,
          portal_sewer_entry_b, supply_closet_lemuel, uniq_natasha,
          uniq_sigmund, uniq_jessica, uniq_ijyb

Skill      XL: |  1  2  3 |
---------------+----------+-----
Long Blades    | 3 |  3.2
Fighting       | |  3.8
Armour         | |  3.9
Shields        | |  4.7

Action                     |  1- 3 |  4- 6 || total
---------------------------+-------+-------++-------
  Melee: Long sword        |   116 |    55 ||   171
 Armour: Scale mail        |    67 |    19 ||    86
  Dodge: Dodged            |    55 |    26 ||    81
  Block: Buckler           |    41 |    22 ||    63
